Map: Deathaura LE

Players

ExpecT - Winner!

  • Race: Terran Terran
  • Spawn Location: 5:00

GogojOey

  • Race: Zerg Zerg
  • Spawn Location: 11:00

Event: DreamHack SC2 Masters 2020 Winter

VOD

Have the link to the VOD?

Description

Time

  • Played on: Oct. 15, 2020, 7:40 a.m.
  • Length: 12:19

All games in this series

Show
View Real Time Build Order
Export as new Build Order

ExpecT Terran - Winner!

Build Orders: Liberator Opening, Reaper Expand 

Get SALT Encoding   

  12  0:00  SCV  
  13  0:12  SCV  
  14  0:17  Supply Depot  
  14  0:24  SCV  
  15  0:39  SCV  
  15  0:40  Barracks  
  16  0:44  Refinery  
  16  0:51  SCV  
  17  1:03  SCV  
  18  1:15  SCV  
  19  1:28  Reaper, Orbital Command  
  20  1:40  Command Center  
  20  1:50  Supply Depot  
  20  1:53  SCV  
  21  2:00  Marine  
  22  2:06  Factory  
  22  2:08  SCV  
  23  2:16  Refinery  
  23  2:22  Barracks Reactor  
  23  2:24  SCV  
  23  2:26  Supply Depot  
  24  2:36  SCV  
  25  2:48  SCV  
  26  2:54  Starport  
  26  2:55  Orbital Command  
  26  3:03  SCV  
  27  3:16  SCV, Hellion  
  27  3:17  Hellion  
  32  3:21  Barracks Tech Lab  
  32  3:23  SCV  
  33  3:28  SCV  
  33  3:31  Liberator  
  37  3:39  Supply Depot  
  37  3:40  SCV x2  
  43  3:53  SCV x2  
  40  4:06  SCV x2  
  40  4:08  Command Center, Marine  
  40  4:09  Marine, Siege Tank  
  47  4:16  Supply Depot  
  47  4:21  SCV  
  47  4:22  SCV  
  49  4:24  Starport Reactor  
  49  4:25  Barracks  
  49  4:28  Barracks  
  49  4:33  Marine x2  
  49  4:35  SCV x2  
  53  4:41  Engineering Bay  
  53  4:42  Engineering Bay  
  53  4:52  SCV x2  
  55  4:59  Stimpack, Marine  
  55  5:02  Factory Tech Lab  
  55  5:04  SCV x2  
  58  5:09  Terran Infantry Weapons Level 1, Terran Infantry Armor Level 1  
  58  5:14  Supply Depot  
  58  5:16  SCV x2, Supply Depot  
  57  5:21  Starport Reactor  
  57  5:22  Orbital Command  
  57  5:23  Refinery  
  57  5:24  Refinery  
  57  5:25  Marine x3  
  57  5:27  Marine  
  61  5:28  SCV x2, Marine  
  63  5:43  Marine x2  
  59  5:51  Marine x3  
  59  5:53  Supply Depot  
  59  5:54  Supply Depot x2  
  62  5:59  Medivac x2  
  62  6:00  Marine x2  
  68  6:06  SCV  
  68  6:09  Orbital Command  
  69  6:15  SCV, Marine x3  
  73  6:18  Marine x2  
  73  6:19  Factory Tech Lab  
  73  6:20  SCV  
  76  6:27  SCV, Supply Depot, Barracks  
  76  6:29  Armory, Barracks  
  77  6:35  SCV x2  
  77  6:36  Marine x4  
  83  6:45  Combat Shield  
  83  6:46  Supply Depot, Marine  
  84  6:51  Siege Tank  
  84  6:54  SCV x2, Marine x2  
  89  6:55  SCV  
  92  7:03  Marine x2  
  92  7:04  Marine  
  92  7:06  Medivac x2  
  92  7:08  SCV x3  
  97  7:18  Terran Infantry Armor Level 2, Terran Infantry Weapons Level 2  
  97  7:20  SCV x2  
  97  7:21  SCV  
  99  7:24  Supply Depot  
  99  7:26  Siege Tank  
  99  7:27  Marine x3  
  105  7:33  Barracks Reactor  
  105  7:34  Barracks Reactor, Marine x2  
  105  7:36  SCV x2  
  109  7:43  Supply Depot  
  109  7:45  Marine x2  
  109  7:46  SCV  
  109  7:48  SCV  
  113  7:55  Marine x3  
  116  8:00  SCV  
  116  8:03  SCV x2  
  116  8:05  Supply Depot, Marine x2  
  119  8:07  Supply Depot  
  119  8:11  Marine x4  
  119  8:12  SCV  
  122  8:13  Marine x3  
  125  8:20  Medivac x2  
  125  8:21  SCV, Refinery x2, Siege Tank  
  125  8:24  Factory  
  125  8:27  SCV x2, Marine  
  133  8:33  SCV  
  133  8:34  Marine x3  
  138  8:36  Marine x4  
  138  8:37  Marine  
  145  8:42  Supply Depot x3  
  145  8:45  Missile Turret  
  145  8:47  Missile Turret x2  
  137  8:51  Marine x2  
  137  8:52  Marine  
  137  8:53  Marine, Siege Tank  
  137  8:54  Marine x4  
  148  9:03  Marine  
  148  9:06  Supply Depot  
  148  9:09  Marine x3, Factory Tech Lab  
  151  9:11  Marine  
  151  9:12  Supply Depot  
  151  9:13  Marine  
  151  9:14  Marine x3  
  156  9:20  Medivac x2  
  156  9:21  Marine  
  161  9:26  Marine  
  161  9:27  Marine x2, Siege Tank  
  161  9:29  Marine  
  161  9:31  Command Center, Marine x2  
  167  9:32  Marine x2  
  167  9:34  Siege Tank  
  167  9:37  Terran Infantry Weapons Level 3  
  174  9:39  Marine  
  174  9:43  Supply Depot  
  174  9:44  Marine  
  174  9:45  Marine  
  177  9:48  Marine  
  168  9:53  Medivac x2  
  168  9:59  Siege Tank  
  163  10:01  Marine x4  
  163  10:03  Marine x3  
  163  10:06  Marine x2, Siege Tank  
  172  10:10  SCV  
  171  10:17  Supply Depot x2  
  171  10:18  Marine  
  171  10:19  Marine x2  
  173  10:22  Marine x2  
  173  10:25  Marine x2  
  173  10:26  Marine  
  178  10:30  Missile Turret  
  178  10:31  SCV x2, Siege Tank  
  178  10:32  SCV  
  184  10:38  Marine, Siege Tank  
  188  10:44  Marine x2  
  188  10:45  Marine  
  188  10:47  Marine x2  
  193  10:52  Marine  
  193  10:53  Marine  
  193  10:57  Marine x2  
  195  11:02  Marine x3  
  195  11:04  Medivac x2  
  200  11:15  Marine x2  
  200  11:17  Marine  
  200  11:18  Marine  
  200  11:25  Barracks  
  199  11:26  Barracks  
  199  11:27  Barracks  
  199  11:30  Marine  
  200  11:35  Planetary Fortress  
  168  11:47  Marine  
  168  11:48  Marine x4  
  168  11:49  Marine x3  
  168  11:50  SCV x2  
  168  11:51  SCV  
  163  12:02  SCV  
Show
View Real Time Build Order
Export as new Build Order

GogojOey Zerg 

Build Orders: Hatch First, Muta Ling Bane 

Get SALT Encoding   

  12  0:00  Drone  
  13  0:12  Overlord  
  13  0:16  Drone  
  14  0:31  Drone x2  
  16  0:47  Hatchery  
  15  0:51  Drone  
  15  0:55  Drone  
  17  0:58  Drone  
  18  1:09  Extractor  
  17  1:13  Spawning Pool  
  17  1:17  Drone  
  17  1:19  Drone  
  18  1:28  Drone  
  19  1:39  Drone  
  20  1:49  Drone  
  21  2:00  Queen x2  
  21  2:01  Zergling x4  
  27  2:10  Overlord  
  27  2:23  Drone  
  28  2:30  Drone x2  
  28  2:33  Extractor  
  28  2:34  Drone x2  
  28  2:36  Queen x2  
  33  2:40  Metabolic Boost  
  33  2:44  Overlord  
  35  2:59  Hatchery  
  35  3:01  Drone  
  35  3:07  Drone x3  
  35  3:08  Drone  
  35  3:12  Drone x2  
  40  3:16  Overlord  
  40  3:18  Drone  
  41  3:23  Drone x2  
  41  3:24  Drone  
  44  3:43  Drone x3  
  44  3:44  Roach Warren, Drone x2  
  48  3:50  Drone x4  
  51  3:59  Drone  
  51  4:02  Overlord  
  52  4:03  Overlord, Extractor  
  52  4:04  Extractor  
  52  4:06  Zergling x4  
  52  4:12  Overlord  
  52  4:13  Overlord  
  52  4:18  Drone  
  52  4:21  Queen  
  52  4:22  Drone  
  56  4:26  Roach x4  
  56  4:28  Roach  
  66  4:34  Drone x2  
  66  4:38  Drone x2  
  71  4:45  Drone x2  
  71  4:48  Drone x2  
  71  4:49  Overlord  
  71  4:50  Drone x3  
  77  4:53  Drone  
  77  4:59  Ravager x3  
  78  5:00  Ravager  
  78  5:03  Drone x2  
  77  5:16  Drone  
  77  5:17  Lair  
  77  5:18  Drone x2  
  77  5:20  Drone x4  
  82  5:24  Drone  
  82  5:25  Drone  
  82  5:27  Queen  
  86  5:28  Queen  
  86  5:33  Drone  
  89  5:36  Ravager  
  89  5:39  Overlord  
  89  5:40  Overlord x2  
  90  5:45  Drone  
  90  5:54  Overlord x2  
  90  5:58  Overlord  
  90  5:59  Drone x5  
  95  6:04  Overlord  
  95  6:05  Drone x5  
  95  6:10  Drone  
  101  6:18  Zergling x10  
  106  6:19  Queen  
  106  6:22  Baneling Nest  
  106  6:23  Zergling x4  
  106  6:24  Spire  
  108  6:29  Roach, Extractor x2  
  108  6:31  Roach  
  108  6:32  Glial Reconstitution  
  110  6:37  Roach x2  
  114  6:44  Evolution Chamber, Drone  
  114  6:46  Hatchery, Evolution Chamber  
  112  6:48  Roach x2  
  112  6:50  Spore Crawler  
  112  6:54  Roach  
  117  6:55  Roach x3  
  117  7:00  Roach x5  
  133  7:05  Extractor  
  132  7:11  Overlord  
  125  7:18  Centrifical Hooks  
  125  7:22  Zerg Ground Armor Level 1  
  124  7:23  Drone x2  
  124  7:24  Zerg Melee Weapons Level 1  
  124  7:25  Zergling x2  
  124  7:26  Zergling x6  
  124  7:27  Overlord x2  
  124  7:28  Overlord  
  130  7:38  Overlord  
  130  7:51  Zergling x22  
  126  7:56  Queen  
  126  7:57  Queen  
  130  8:03  Zergling x16  
  138  8:09  Queen x2  
  138  8:13  Mutalisk  
  138  8:14  Mutalisk x5  
  138  8:16  Zerg Flyer Weapons Level 1  
  138  8:17  Mutalisk  
  152  8:22  Zergling x2  
  152  8:26  Mutalisk  
  155  8:30  Drone x5  
  155  8:31  Drone  
  161  8:36  Mutalisk  
  162  8:43  Mutalisk x2  
  162  8:45  Drone  
  162  8:46  Drone x4  
  171  8:51  Baneling x7  
  171  8:58  Mutalisk  
  171  9:00  Zergling x4  
  171  9:01  Overlord x3  
  175  9:05  Extractor  
  174  9:13  Overlord  
  174  9:14  Overlord  
  174  9:15  Drone  
  175  9:17  Hatchery  
  175  9:19  Zerg Ground Armor Level 2, Queen  
  175  9:20  Hatchery  
  175  9:23  Zerg Melee Weapons Level 2  
  175  9:26  Drone x3  
  175  9:27  Drone  
  175  9:28  Drone  
  175  9:30  Mutalisk  
  181  9:32  Zergling x4  
  181  9:33  Baneling x3  
  181  9:34  Baneling  
  181  9:37  Drone  
  181  9:43  Drone x3  
  181  9:44  Drone  
  184  9:46  Mutalisk x2  
  184  9:48  Zergling x10  
  189  9:56  Zergling x12  
  189  9:58  Baneling  
  189  9:59  Baneling x7  
  168  10:07  Mutalisk  
  164  10:19  Mutalisk x2  
  164  10:22  Zergling x12  
  164  10:26  Hatchery  
  169  10:29  Infestation Pit  
  168  10:36  Zergling x6  
  168  10:38  Overseer  
  168  10:39  Overseer  
  171  10:46  Baneling x5  
  171  10:47  Zergling x8  
  174  10:56  Zergling x4  
  176  11:03  Mutalisk x4  
  176  11:04  Zergling x4  
  176  11:05  Zergling x2, Baneling  
  176  11:06  Queen, Baneling x3  
  176  11:09  Zergling x8  
  185  11:21  Zergling x8  
  189  11:28  Mutalisk x3  
  189  11:32  Zergling x8  
  194  11:35  Zergling x4  
  194  11:39  Zergling x8  
  189  11:42  Zergling x10  
  189  11:43  Zergling x4  
  160  11:50  Mutalisk x3  
  160  11:52  Zergling x4  
  148  11:58  Zergling x10  
  132  12:02  Zergling x4  
Tags
 
Add a new tag
Caveats
  • Supply blocks, unpowered buildings, or Contaminate may cause inaccurate times.
  • Supply counts are checked every 10 seconds.